 Dungeon Crawl Stone Soup version 0.29.1-15-g9cfb28693d (webtiles) character file.

Game seed: 14746289738335252793

451 Heoruswealwe the Magician (level 6, -10/48 HPs)
             Began as a Deep Elf Earth Elementalist on Apr 4, 2023.
             Mangled by an orc knight
             ... wielding a +0 broad axe
              (18 damage)
             ... in a bailey.
             The game lasted 00:23:12 (2445 turns).

Heoruswealwe the Magician (DEEE)                    Turns: 2445, Time: 00:23:12

Health: -10/48     AC: 23    Str:  5    XL:     6   Next: 75%
Magic:  17/27      EV:  2    Int: 22    God:
Gold:   188        SH:  0    Dex: 15    Spells: 9/19 levels left

rFire   . . .      SeeInvis .   e - staff of earth
rCold   . . .      Faith    .   (no shield)
rNeg    . . .      Spirit   .   (body armour currently unavailable)
rPois   +          Reflect  .   (helmet currently unavailable)
rElec   .          Harm     .   (cloak currently unavailable)
rCorr   .          Rampage  .   (gloves currently unavailable)
Will    .....      NoTele   +   (boots currently unavailable)
Stlth   ++........              (no amulet)
HPRegen 0.16/turn               k - ring of magical power
MPRegen 0.20/turn               (no ring)

@: tree-form, marked
A: stationary, stasis, torment immunity, boosted hp
a: no special abilities


You were in a bailey.
You were a tree.
You visited 2 branches of the dungeon, and saw 6 of its levels.
You also visited: Bailey.

You collected 188 gold pieces.

Inventory:

Armour
 a - a +0 robe
 j - a +0 cloak (melded)
 l - a +0 robe (melded)
 n - a +0 robe
 q - a +0 robe
 s - a +0 robe
Magical Staves
 e - a staff of earth (weapon)
Jewellery
 k - a ring of magical power (left branch)
Scrolls
 c - 2 scrolls of teleportation
 i - a scroll of enchant armour
 p - a scroll of blinking
 u - a scroll of amnesia {unknown}
Potions
 b - a potion of magic
 f - 2 potions of resistance {unknown}
 g - a potion of mutation {unknown}
 h - a potion of degeneration {unknown}
 m - 4 potions of heal wounds {unknown}
 o - 2 potions of curing {unknown}
 r - a potion of might {unknown}
 t - a potion of flight


   Skills:
 - Level 2.4 Dodging
 - Level 2.4 Stealth
 + Level 7.2 Spellcasting
 - Level 1.1 Transmutations
 + Level 6.4 Earth Magic


You had 9 spell levels left.
You knew the following spells:

 Your Spells              Type           Power      Damage    Failure   Level
a - Sandblast             Erth           100%       2d20      1%          1
b - Stone Arrow           Conj/Erth      66%        3d11      6%          3
c - Petrify               Tmut/Erth      36%        N/A       17%         4
z - Passwall              Tmut/Erth      30%        N/A       2%          2

Your spell library contained the following spells:

 Spells                   Type           Power      Damage    Failure   Level
 Sting                    Tmut/Pois      40%        1d5       6%          1
 Poisonous Vapours        Pois/Air       14%        N/A       12%         2
 Olgreb's Toxic Radiance  Pois           7%         N/A       63%         4


Dungeon Overview and Level Annotations

Branches:
Dungeon (7/15)             Temple (1/1) D:4          Bailey (1/1)

Altars:
Ashenzari
Cheibriados
Dithmenos
Elyvilon
Fedhas
Gozag
Hepliaklqana
Kikubaaqudgha
Makhleb
Okawaru
Qazlal
Sif Muna
Trog
Wu Jian
Xom
Yredelemnul


Message History

Your Earth Magic skill increases to level 6!
You have reached level 6!
You feel a surge of power!
The blast of sand hits the orc warrior!
The orc warrior is heavily wounded.
The orc warrior barely misses you.
You feel a surge of power!
The blast of sand hits the orc warrior but does no damage.
The orc warrior is heavily wounded.
An orc comes into view. It is wielding a +0 hand axe.
The orc warrior closely misses you.
The orc knight roars a battlecry!
The orcs go into a battle-frenzy!
An orc warrior comes into view. It is wielding a +0 broad axe.
The orc warrior barely misses you.
You feel a surge of power!
The blast of sand hits the orc warrior!
You kill the orc warrior!
Your Spellcasting skill increases to level 7!
You feel a surge of power!
The blast of sand hits the orc knight.
The orc knight is lightly wounded.
You feel a surge of power!
The blast of sand hits the orc knight!!
The orc knight is moderately wounded.
The orc knight hits you with a +0 broad axe!!
Ouch! That really hurt!
* * * LOW HITPOINT WARNING * * *
Really quaff the potion of lignification?
You turn into a tree.
Your +0 cloak melds into your body.
Your +0 robe melds into your body.
Your roots penetrate the ground.
The orc knight hits you with a +0 broad axe.
* * * LOW HITPOINT WARNING * * *
You are too injured to fight recklessly!
Casting: Sandblast (safe; 1% risk of failure)
Confirm with . or Enter, or press ? or * to list all spells.
Aiming: Sandblast (safe; 1% risk of failure)
Press: ? - help, Shift-Dir - straight line, f/p - orc knight
Aim: an orc knight, wielding a +0 broad axe and wearing a +0 scale mail (moderately wounded, 82% to hit)
You feel a surge of power!
The blast of sand hits the orc knight!!
The orc knight is severely wounded.
The orc knight hits you but does no damage.
The orc knight hits you with a +0 broad axe!!
You die...

#.#.....#...##
#############.###########
####.....................(.##
##...........#########.......#
##.........#'## ######..#
#.....⌠....#..# #...
##.......###..# #...
###..(()#.'..####K### #..≈
#####......###..♣ogoo... .###.≈≈
≈≈≈≈≈≈≈≈..(..#..####o####
.#..≈≈≈
#≈≈≈≈≈≈≈)≈~.####.......####≈≈≈≈≈
###....~≈≈≈≈≈≈∩#.oo[...#K≈≈≈≈≈##
##.......≈≈≈≈#########≈≈≈≈###
##.......≈≈≈≈≈≈≈≈≈≈≈≈≈≈###
###........~≈≈≈≈≈≈≈≈##
####.............#
####......∩..##


You could see an orc knight, 2 orc warriors, an orc (strong), a hobgoblin and a
kobold.

Vanquished Creatures
  2 orc warriors (Bailey)
  A hound (D:4)
  A jelly (D:4)
  An iguana (D:7)
  An adder (D:2)
  7 gnolls
  A dart slug (D:1)
  An orc (Bailey)
  5 bats
  4 endoplasms
  2 giant cockroaches
  12 goblins
  16 hobgoblins
  5 jackals
  13 kobolds
  3 quokkas
  4 ball pythons
  8 frilled lizards
  7 rats
94 creatures vanquished.

Notes
Turn   | Place    | Note
-------+----------+-------------------------------------------
     0 | D:1      | Heoruswealwe the Deep Elf Earth Elementalist began the
                  | quest for the Orb.
     0 | D:1      | Reached XP level 1. HP: 10/10 MP: 6/6
    65 | D:1      | You fall into a shaft and drop 1 floor!
    81 | D:1      | Reached XP level 2. HP: 15/15 MP: 1/8
    84 | D:1      | Learned a level 2 spell: Passwall
   455 | D:1      | Reached skill level 4 in Spellcasting
   495 | D:1      | Reached XP level 3. HP: 19/19 MP: 6/10
   697 | D:1      | Learned a level 3 spell: Stone Arrow
   758 | D:2      | Reached XP level 4. HP: 24/24 MP: 6/12
   763 | D:2      | Learned a level 4 spell: Petrify
   898 | D:2      | Found a blossoming altar of Fedhas.
   977 | D:2      | Reached skill level 5 in Spellcasting
  1375 | D:3      | Identified a scroll of acquirement
  1376 | D:3      | Acquired a staff of earth
  1573 | D:3      | Reached skill level 5 in Earth Magic
  1573 | D:3      | Reached XP level 5. HP: 16/28 MP: 7/14
  1785 | D:4      | Reached skill level 6 in Spellcasting
  1933 | D:4      | Found a staircase to the Ecumenical Temple.
  1947 | Temple   | Entered the Ecumenical Temple
  2132 | D:4      | You fall into a shaft and drop 3 floors!
  2182 | D:7      | Found a flagged portal.
  2248 | D:7      | Identified the +4 sling of Xedut {venom, rElec rN+ Str+4
                  | Dex+3}
  2273 | Bailey   | Entered a bailey
  2279 | Bailey   | Noticed an orc warrior
  2279 | Bailey   | Noticed an orc warrior
  2279 | Bailey   | Noticed an orc knight
  2438 | Bailey   | Killed an orc warrior
  2438 | Bailey   | Noticed an orc warrior
  2439 | Bailey   | Reached XP level 6. HP: 29/32 MP: 17/17
  2440 | Bailey   | Noticed an orc warrior
  2441 | Bailey   | Killed an orc warrior
  2442 | Bailey   | Reached skill level 7 in Spellcasting
  2445 | Bailey   | Mangled by an orc knight

Illustrated notes

Levels and vault maps discovered:
D:1:      minmay_arrival_jagged, layout_loops_ring
D:2:      layout_basic, basic_altar, minmay_misc_feat_five
D:3:      layout_loops_cross, amcnicky_mini_rare_corridor_liquid,
          hangedman_feature_mirror
D:4:      black_bear_nest_2, layout_cave_pools,
          minmay_temple_entry_antechambers, uniq_edmund
D:7:      layout_basic, nemelex_spade_bored_becter, enter_bailey_5,
          minmay_misc_feat_iff, minmay_crystal_room, fountainhead
Temple:   kb_temple_of_zot
Bailey:   bailey_axe_4, bailey

Skill      XL: |  1  2  3  4  5  6 |
---------------+-------------------+-----
Spellcasting   | 4 5 6 7 |  7.2
Earth Magic    | 4 5 6 |  6.4
Dodging        | |  2.4
Stealth        | |  2.4
Transmutations | |  1.1

Action                   |  1- 3 |  4- 6 || total
-------------------------+-------+-------++-------
 Cast: Sandblast         |    42 |    88 ||   130
       Passwall          |       |     1 ||     1
  Use: Scroll            |       |     7 ||     7
       Potion            |       |     1 ||     1
Armor: Robe              |     1 |    11 ||    12
       Skin              |       |     1 ||     1
Dodge: Dodged            |     5 |    28 ||    33
